 Dungeon Crawl Stone Soup version 0.31-a0-986-g5e6e4ef867 (webtiles) character file.

Game seed: 5782047161147117358

33 Coron the Sneak (level 3, -4/36 HPs)
             Began as a Troll Delver on Nov 4, 2023.
             Killed by nerve-wracking pain
             ... invoked by an orc priest
              (6 damage)
             ... on level 5 of the Dungeon.
             The game lasted 00:00:41 (56 turns).

Coron the Sneak (Troll Delver)                        Turns: 56, Time: 00:00:42

Health: -4/36      AC:  4    Str: 22    XL:     3   Next: 12%
Magic:  2/2        EV: 10    Int:  6    God:
Gold:   23         SH:  0    Dex: 11    Spells: 2/2 levels left

rFire   . .          .
                       - Unarmed
rCold   . . .        (no shield)
rNeg    . . .        a - +0 robe
rPois   .            (helmet restricted)
rElec   .            (no cloak)
rCorr   .            (gloves unavailable)
SInv    .            (boots unavailable)
Will    .....        (no amulet)
Stlth   ++           (no ring)
HPRegen 1.06/turn    (no ring)
MPRegen 0.08/turn

%: no passive effects
@: no status effects
A: large, unfitting armour, claws 3, regeneration 1, shaggy fur 1, tough skin 1
a: no special abilities


You were on level 5 of the Dungeon.
You visited 1 branch of the dungeon, and saw 1 of its levels.

You collected 23 gold pieces.

Inventory:

Armour
 a - a +0 robe (worn)
Wands
 f - a wand of digging (3)
Scrolls
 b - a scroll of fog
 c - a scroll of revelation
 d - a scroll of fear
Potions
 e - a potion of haste


   Skills:
 + Level 2.7 Fighting
 - Level 2.0 Dodging
 + Level 2.9 Stealth
 + Level 2.5 Unarmed Combat


You had 2 spell levels left.
You didn't know any spells.
Your spell library was empty.

Dungeon Overview and Level Annotations

Branches:
Dungeon (5/15)
 Temple: D:4-7

Altars:


Innate Abilities, Weirdness & Mutations

You are too large for most types of armour.
You have claws for hands.
Your natural rate of healing is unusually fast.
You are covered in fur. (AC +1)
You have tough skin. (AC +1)


Message History

You feel stronger. x3
You now have 23 gold pieces (gained 12).
An orc priest comes into view. It is wielding a +0 club.
The orc priest shouts!
You hear a shout!
You hear an angry hiss.
An orc comes into view. It is wielding a +0 flail.
A worm comes into view.
An orc wizard comes into view. It is wielding a +0 dagger.
The orc priest mumbles some strange prayers to Beogh against you.
Pain shoots through your body!
An orc comes into view. It is wielding a +0 flail.
The orc priest looks satisfied for a moment.
The orc shouts!
The orc shouts!
The orc priest invokes the aid of Beogh against you.
Beogh smites you!
An iguana comes into view.
The orc wizard closely misses you.
The orc priest looks satisfied for a moment.
You closely miss the orc priest.
The orc wizard hits you but does no damage.
The orc priest hits you with a +0 club. The orc closely misses you.
You barely miss the orc priest. The orc barely misses you.
The orc wizard barely misses you. The orc hits you with a +0 flail.
The orc priest looks braver for a moment.
You closely miss the orc priest.
The orc wizard hits you with a +0 dagger.
The orc priest hits you with a +0 club. The orc closely misses you.
The orc hits you with a +0 flail.
You barely miss the orc priest. The orc barely misses you.
The orc wizard hits you but does no damage.
The orc hits you with a +0 flail!
* * * LOW HITPOINT WARNING * * *
The orc priest closely misses you.
You claw the orc priest!
The orc priest is heavily wounded.
The orc wizard hits you with a +0 dagger.
* * * LOW HITPOINT WARNING * * *
The orc priest mumbles some strange prayers to Beogh against you.
Pain shoots through your body!
You die...

#...# #...# ##
....###. ......
. #.... .
..####.l. ...
......oo#
##....
......o@###...#
####...wo....##
####.......#
#..###.....
###..# #...
#..####.†#..#
.. ..#..
#..##..###.# #
..#.# #.>...#
.# ....#
#.###.# #.


You could see a worm, an iguana, an orc priest, an orc wizard and 2 orcs.

Vanquished Creatures
  An iguana (D:5)
  An adder (D:5)
2 creatures vanquished.

Notes
Turn   | Place    | Note
-------+----------+-------------------------------------------
     0 | D:5      | Coron the Troll Delver began the quest for the Orb.
     0 | D:5      | Reached XP level 1. HP: 22/22 MP: 0/0
    17 | D:5      | Noticed an iguana
    34 | D:5      | Reached XP level 2. HP: 29/29 MP: 1/1
    38 | D:5      | Reached XP level 3. HP: 36/36 MP: 2/2
    56 | D:5      | Killed from afar by an orc priest

Illustrated notes

Levels and vault maps discovered:
D:5:      layout_layer_cave, uniq_duvessa, uniq_blork_the_orc, uniq_eustachio

Skill      XL: |  1  2 |
---------------+-------+-----
Dodging        | 2 |  2.0
Fighting       | |  2.7
Stealth        | |  2.9
Unarmed Combat | |  2.5

Action                     || total
---------------------------++-------
  Melee: Unarmed           ||    16
 Armour: Robe              ||    13
  Dodge: Dodged            ||    16

Table legend: (Time is in decaauts)
 A = Elapsed time spent in this place.
 B = Non-inter-level travel time spent in this place.
 C = Inter-level travel time spent in this place.
 D = Time resting spent in this place.
 E = Time spent auto-exploring this place.
 F = Levels seen in this place.
 G = Mean time per level.
                   A        B        C        D        E       F      G
               +--------+--------+--------+--------+--------+-----+--------+
         Total |     55 |     55 |      0 |      0 |      0 |   1 |   55.0 |
       Dungeon |     55 |     55 |      0 |      0 |      0 |   1 |   55.0 |
               +--------+--------+--------+--------+--------+-----+--------+

Top non-repeatable levels by time:
     D:5: 55 daAuts
